 Dungeon Crawl Stone Soup version 0.27.1-2-g3b301248ec (webtiles) character file.

Game seed: 16141724244811719823

340 Bloomaan the Covered (level 6, -3/56 HPs)
             Began as a Minotaur Fighter on Oct 2, 2021.
             Killed from afar by an orc wizard (8 damage)
             ... with a magic dart
             ... on level 4 of the Dungeon.
             The game lasted 00:19:05 (3445 turns).

Bloomaan the Covered (Minotaur Fighter)             Turns: 3445, Time: 00:19:05

Health: -3/56      AC:  7    Str: 23    XL:     6   Next: 30%
Magic:  5/5        EV:  8    Int:  5    God:
Gold:   99         SH: 10    Dex:  9    Spells: 5/5 levels left

rFire    . . .     SeeInvis .   q - +2 short sword (freeze)
rCold    . . .     Faith    .   c - +0 kite shield
rNeg     . . .     Spirit   .   b - +0 scale mail
rPois    .         Reflect  .   (helmet restricted)
rElec    .         Harm     .   (no cloak)
rCorr    .         Rampage  .   (no gloves)
Will     .....                  (no boots)
Stlth    ..........             (no amulet)
HPRegen  0.18/turn              (no ring)
MPRegen  0.09/turn              (no ring)

@: about to teleport
A: horns 2, retaliatory headbutt
a: no special abilities


You were on level 4 of the Dungeon.
You visited 1 branch of the dungeon, and saw 4 of its levels.

You collected 99 gold pieces.

Inventory:

Hand Weapons
 a - a +0 war axe
 j - a +2 spectral club
 p - a +0 arbalest
 q - a +2 short sword of freezing (weapon)
Missiles
 e - 41 poisoned darts (quivered)
 f - 39 arrows
Armour
 b - a +0 scale mail (worn)
 c - a +0 kite shield (worn)
Wands
 h - a wand of flame (7)
 o - a wand of paralysis (2)
Scrolls
 d - a scroll of teleportation
 g - a scroll of blinking {unknown}
 m - a scroll of identify {unknown}
 n - a scroll of silence {unknown}
 r - a scroll of acquirement {unknown}
Potions
 i - a potion of attraction {unknown}
 k - 2 potions of mutation {unknown}
 l - a potion of brilliance


   Skills:
 + Level 5.0 Fighting
 + Level 0.2 Short Blades
 + Level 5.1 Axes
 + Level 5.1 Armour
 + Level 0.6 Dodging
 + Level 0.3 Stealth
 + Level 4.9 Shields


You had 5 spell levels left.
You didn't know any spells.
Your spell library was empty.

Dungeon Overview and Level Annotations

Branches:
Dungeon (4/15)
 Temple: D:4-7

Altars:
Nemelex Xobeh


Innate Abilities, Weirdness & Mutations

You have a pair of horns on your head.
You reflexively headbutt those who attack you in melee.


Message History

The centaur skeleton is moderately damaged.
You block the centaur skeleton's attack.
The centaur skeleton barely misses you. Something hits you.
The orc hits you but does no damage. You block the orc's attack.
You hit the centaur skeleton. You headbutt the centaur skeleton!
The centaur skeleton is severely damaged.
You block the centaur skeleton's attack.
The centaur skeleton kicks you but does no damage.
Something hits you but does no damage. The orc hits you but does no damage.
You block the orc's attack.
The centaur skeleton hits you but does no damage.
You block the centaur skeleton's attack.
You puncture the centaur skeleton!
The centaur skeleton is almost destroyed.
Something hits you but does no damage. The orc hits you but does no damage.
You block the orc's attack. The centaur skeleton hits you.
The centaur skeleton closely misses you.
You hear some strange, mumbled words.
Something tries to affect you, but you resist.
The orc hits you with a +0 dagger.
* * * LOW HITPOINT WARNING * * *
The orc hits you with a +0 trident!
* * * LOW HITPOINT WARNING * * *
You puncture the centaur skeleton!
You destroy the centaur skeleton!
You block something's attack. You block the orc's attack.
The orc barely misses you. You furiously retaliate!
You headbutt the orc!
You kill the orc!
Your Fighting skill increases to level 5!
You closely miss the orc.
The orc is heavily wounded.
Something hits you.
* * * LOW HITPOINT WARNING * * *
You block the orc's attack.
As you read the scroll of teleportation, it crumbles to dust.
You feel strangely unstable.
You hear some strange, mumbled words.
A magic dart appears from out of thin air!
The magic dart hits you!
You die...

## ##. ## #. #####.. .###.
....... ...# ..#
..........$.....## #..# #...
#................# #..# ..#
.................#####..## #.#
...............o@)##.....###..#
........ ......{)........##...#
.....# ............###.....####
....# ...........## ##....##..
..).# ....####.....#####.......
....# #....# #.......####......
#..## #....# ##...##...###......
#..## #....# #...####...))......
#...####....###...###....))####..


You could see an orc.

Vanquished Creatures
  A scorpion (D:4)
  A centaur skeleton (D:4)
  Jessica (D:2)
  Ijyb (D:3)
  An iguana (D:4)
  2 orc wizards (D:4)
  Robin (D:3)
  2 adders (D:3)
  A worm (D:3)
  2 dart slugs
  10 orcs (D:4)
  6 bats
  3 endoplasms
  2 giant cockroaches
  19 goblins
  8 hobgoblins
  4 jackals
  4 quokkas (D:3)
  6 ball pythons
  6 frilled lizards
  3 kobolds
  3 rats
87 creatures vanquished.

Vanquished Creatures (others)
  A dart slug (D:1)
  An endoplasm (D:1)
2 creatures vanquished.

Grand Total: 89 creatures vanquished

Notes
Turn   | Place    | Note
-------+----------+-------------------------------------------
     0 | D:1      | Bloomaan the Minotaur Fighter began the quest for the Orb.
     0 | D:1      | Reached XP level 1. HP: 19/19 MP: 0/0
    78 | D:1      | Reached XP level 2. HP: 24/27 MP: 1/1
   442 | D:1      | Found a faded altar of an unknown god.
   854 | D:1      | Reached XP level 3. HP: 33/33 MP: 2/2
  1399 | D:2      | Noticed Jessica
  1419 | D:2      | Killed Jessica
  1778 | D:2      | Found a sparkling altar of Nemelex Xobeh.
  1915 | D:3      | Reached XP level 4. HP: 35/40 MP: 3/3
  1923 | D:3      | Noticed Robin
  2337 | D:3      | Killed Robin
  2613 | D:3      | Noticed Ijyb
  2618 | D:3      | Killed Ijyb
  2619 | D:3      | Reached XP level 5. HP: 44/46 MP: 4/4
  3202 | D:4      | Reached skill level 5 in Armour
  3202 | D:4      | Reached XP level 6. HP: 31/53 MP: 5/5
  3234 | D:4      | Reached skill level 5 in Axes
  3444 | D:4      | Reached skill level 5 in Fighting
  3445 | D:4      | Killed from afar by an orc wizard

Illustrated notes

Levels and vault maps discovered:
D:1:      dpeg_arrival_orchard, layout_basic,
          ebering_ecumenical_altar_petrified, chequers_serial_rivers_small_a,
          lemuel_flame_loot_1
D:2:      layout_loops_corners, basic_altar, uniq_jessica
D:3:      layout_basic, minmay_bisected, uniq_robin, uniq_ijyb
D:4:      layout_layer_cave, chequers_ossuary_entry_cave,
          kennysheep_generic_room_9

Skill      XL: |  1  2  3  4  5  6 |
---------------+-------------------+-----
Shields        | 4 |  4.9
Fighting       | 4 5 |  5.0
Armour         | 4 5 |  5.1
Axes           | 3 4 5 |  5.1
Short Blades   | |  0.2
Dodging        | |  0.6
Stealth        | |  0.3

Action                   |  1- 3 |  4- 6 || total
-------------------------+-------+-------++-------
Melee: War axe           |    62 |    46 ||   108
       Headbutt          |     6 |    20 ||    26
       Club              |       |    15 ||    15
       Short sword       |       |    48 ||    48
  Use: Potion            |       |     4 ||     4
       Scroll            |       |     3 ||     3
Armor: Scale mail        |    27 |    68 ||    95
Dodge: Dodged            |    20 |    45 ||    65
Block: Kite shield       |    52 |    83 ||   135
